 Dungeon Crawl Stone Soup version 0.32-a0-612-g1c984fe9d1 (webtiles) character file.

Game seed: 17953280195509682396

2783 Maxmaps the Nimble (level 9, -2/66 HPs)
             Began as an Octopode Monk on Mar 5, 2024.
             Slain by a hornet (3 damage)
             ... on level 7 of the Dungeon.
             The game lasted 00:08:12 (6174 turns).

Maxmaps the Nimble (Octopode Monk)                  Turns: 6174, Time: 00:08:12

Health: -2/66      AC:  1    Str:  9    XL:     9   Next: 70%
Magic:  0/9        EV: 18    Int: 15    God:
Gold:   391        SH:  0    Dex: 19    Spells: 8/8 levels left

rFire   . .          .
                       - Unarmed
rCold   . . .        b - orb {light}
rNeg    . . .        (helmet restricted)
rPois   .            d - amulet of guardian spirit
rElec   .            k - +4 ring of slaying
rCorr   .            (no ring)
SInv    .            (no ring)
Will    .....        (no ring)
Stlth   +            (no ring)
HPRegen 0.31/turn    (no ring)
MPRegen 0.11/turn    (no ring)
                     (no ring)

%: guardian spirit
@: slowed, glowing, very slow
A: almost no armour, amphibious, 8 rings, camouflage 1, gelatinous body 1,
(nimble swimmer 1), tentacles, agile 1, screaming 1
a: no special abilities


You were on level 7 of the Dungeon.
You visited 1 branch of the dungeon, and saw 7 of its levels.

You collected 391 gold pieces.

Inventory:

Missiles
 f - a throwing net (quivered)
Armour
 b - an orb of light (worn)
Jewellery
 d - an amulet of guardian spirit (around mantle)
 k - a +4 ring of slaying (left tentacle)
 t - an amulet of magic regeneration
Wands
 m - a wand of iceblast (13)
 q - a wand of polymorph (6)
Scrolls
 c - a scroll of revelation {unknown}
 e - 2 scrolls of enchant weapon
 g - a scroll of noise {unknown}
 h - 2 scrolls of torment {unknown}
 j - a scroll of immolation {unknown}
 n - a scroll of teleportation
Potions
 a - a potion of ambrosia
 i - 2 potions of degeneration
 l - 3 potions of curing
 o - 3 potions of brilliance
 r - a potion of might {unknown}
 s - a potion of attraction


   Skills:
 - Level 8.0 Fighting
 - Level 8.3 Dodging
 + Level 8.0 Unarmed Combat


You had 8 spell levels left.
You didn't know any spells.
Your spell library contained the following spells:

 Spells                   Type           Power      Damage    Failure   Level
 Apportation              Tloc           0%         N/A       26%         1
 Necrotise                Necr           0%         1d4       26%         1
 Sting                    Conj/Alch      0%         1d3       26%         1
 Summon Small Mammal      Summ           0%         N/A       26%         1
 Scorch                   Fire           0%         2d5       38%         2
 Sublimation of Blood     Necr           0%         N/A       38%         2
 Flame Wave               Conj/Fire      0%         2d4       95%         4
 Petrify                  Alch/Erth      0%         N/A       95%         4
 Irradiate                Conj/Alch      0%         3d11      100%        5
 Summon Cactus Giant      Summ           0%         N/A       100%        6


Dungeon Overview and Level Annotations

Branches:
Dungeon (7/15)             Temple (0/1) D:7

Altars:
Trog

Shops:
D:5 (:


Innate Abilities, Weirdness & Mutations

You cannot wear most types of armour.
You are amphibious.
You can wear up to eight rings at the same time.
Your skin changes colour to match your surroundings (Stealth+).
Your rubbery body absorbs attacks. (AC +1, EV +1)
((You are camouflaged when in or above water. (Stealth+)))
You have tentacles for arms and can constrict up to eight enemies at once.
You are agile. (Dex +4, Str/Int -1)
You occasionally shout uncontrollably at your foes.


Message History

You tentacle-slap the hound.
You kill the hound!
Your Unarmed Combat skill increases to level 8!
No target in view!
No target in view!
No target in view!
No target in view!
No target in view!
No target in view!
A hornet is nearby!
A hornet is nearby!
A hornet is nearby!
The hornet buzzes angrily.
You tentacle-slap the hornet but do no damage.
You grab the hornet.
You tentacle-slap the hornet, but do no damage.
You squeeze the hornet, but do no damage.
You constrict the hornet. The hornet stings you!
You suddenly lose the ability to move!
You lose your grip on the hornet.
The hornet stings you.
You feel yourself slow down. The hornet stings you!
You feel as though you will be slow longer.
The hornet stings you!
You are poisoned.
You feel as though you will be slow longer.
The hornet stings you.
You feel as though you will be slow longer.
You can move again.
Unknown command.
Unknown command.
You feel better. The hornet stings you!
* * * LOW HITPOINT WARNING * * *
You feel as though you will be slow longer.
The hornet stings you!
* * * LOW HITPOINT WARNING * * *
You feel as though you will be slow longer.
It was a potion of mutation.
You feel extremely strange.
You feel the urge to shout.
You feel agile. The hornet stings you.
You die...

...........###...
.........................
...................##...
..................##...
...................... ..#..
............... ####+#####.#.#
#........###...
#........#†#.###..........#.##
#........+...@y...#######.#.#
#........#.#.###..# #.#.#
#........#.#.......### #.#.##
#........#.#..#......####.#.#.
#........#.#......PPP..##.#.#.
####........#.##.#.#..PPP.##.#.#.
............#.# ......P>P.##.#.#.
.###........#.# .#....PPP....#.##
.# #........#.# #...P.P.......#


You could see a hornet.

Vanquished Creatures
  An unseen horror (D:7)
  A komodo dragon (D:5)
  Menkaure (D:4)
  A water moccasin (D:7)
  2 ice beasts
  A black bear (D:3)
  A centaur (D:5)
  4 kobold brigands
  2 bullfrogs (D:7)
  A gnoll sergeant (D:6)
  3 scorpions
  A bombardier beetle (D:7)
  7 hounds
  An orc priest (D:6)
  4 jellies
  2 gnoll boudas (D:6)
  Jessica (D:3)
  4 iguanas
  Natasha (D:3)
  5 orc wizards
  11 gnolls (D:6)
  5 adders
  2 shadow imps (D:6)
  A white imp (D:4)
  2 ufetubi (D:7)
  2 dart slugs
  18 orcs
  7 bats
  4 endoplasms
  4 giant cockroaches
  4 goblins
  7 hobgoblins
  5 quokkas
  8 ball pythons
  5 frilled lizards
  21 kobolds
  7 rats
157 creatures vanquished.

Notes
Turn   | Place    | Note
-------+----------+-------------------------------------------
     0 | D:1      | Maxmaps the Octopode Monk began the quest for the Orb.
     0 | D:1      | Reached XP level 1. HP: 16/16 MP: 1/1
   131 | D:1      | Reached XP level 2. HP: 21/21 MP: 2/2
   463 | D:1      | Reached XP level 3. HP: 26/26 MP: 3/3
  1245 | D:3      | Reached skill level 5 in Dodging
  1245 | D:3      | Reached XP level 4. HP: 8/31 MP: 1/4
  1495 | D:3      | Noticed Natasha
  1499 | D:3      | Killed Natasha
  1500 | D:3      | Reached XP level 5. HP: 33/37 MP: 5/5
  1634 | D:3      | Noticed Jessica
  1637 | D:3      | Killed Jessica
  1936 | D:3      | Found a faded altar of an unknown god.
  1937 | D:3      | Noticed a black bear
  1945 | D:3      | Killed a black bear
  1946 | D:3      | Reached skill level 5 in Fighting
  1946 | D:3      | Reached XP level 6. HP: 38/45 MP: 6/6
  2298 | D:4      | Noticed Menkaure
  2303 | D:4      | Killed Menkaure
  2327 | D:4      | Found a bloodstained altar of Trog.
  2582 | D:4      | Reached XP level 7. HP: 50/50 MP: 7/7
  2942 | D:5      | Entered Level 5 of the Dungeon
  2943 | D:5      | Noticed a komodo dragon
  3053 | D:5      | Reached skill level 5 in Unarmed Combat
  3061 | D:5      | Found Riuni's Tiny Tomes.
  3534 | D:5      | Reached XP level 8. HP: 55/55 MP: 8/8
  3676 | D:5      | Found Nunaohuh's Weapon Emporium.
  4199 | D:5      | Killed a komodo dragon
  4658 | D:6      | Reached XP level 9. HP: 64/66 MP: 7/9
  5556 | D:7      | Found a staircase to the Ecumenical Temple.
  5570 | D:7      | Noticed an unseen horror
  5576 | D:7      | Killed an unseen horror
  6128 | D:7      | Noticed a hornet
  6170 | D:7      | Paralysed by a hornet for 2 turns
  6173 | D:7      | HP: 1/66 [hornet (13)]
  6174 | D:7      | Gained mutation: You occasionally shout uncontrollably at
                  | your foes. [potion of mutation]
  6174 | D:7      | Gained mutation: You are agile. (Dex +4, Str/Int -1)
                  | [potion of mutation]
  6174 | D:7      | Slain by a hornet

Illustrated notes

Levels and vault maps discovered:
D:1:      minmay_arrival_shattered_statue, layout_loops_cross,
          minmay_crystal_room
D:2:      layout_rooms, minmay_tromino_v4_c
D:3:      layout_basic, shapermc_ecumenical_altar_gd, uniq_jessica, uniq_natasha
D:4:      layout_basic, mainiacjoe_overflow_catwalk, uniq_menkaure
D:5:      kennysheep_spiral_hall, layout_loops_ring, kennysheep_doodads,
          chequers_serial_rivers_micro_e, minmay_holes, nicolae_take_the_stairs,
          nicolae_shop_i_like_small_books_too, kennysheep_generic_room_5
D:6:      dreamdust_elfheim, layout_basic, st_stairs_7,
          minmay_unpleasant_kobolds
D:7:      layout_basic, minmay_temple_entry_overgrown

Skill      XL: |  1  2  3  4  5  6  7  8  9 |
---------------+----------------------------+-----
Dodging        | 4 5 8 |  8.3
Fighting       | 5 8 |  8.0
Unarmed Combat | 4 7 8 |  8.0

Action                     |  1- 3 |  4- 6 |  7- 9 || total
---------------------------+-------+-------+-------++-------
  Melee: Unarmed           |    67 |    54 |   168 ||   289
         Constrict         |    22 |    20 |    58 ||   100
         Tentacles         |    16 |     7 |    44 ||    67
         Punch             |     3 |     4 |     7 ||    14
    Use: Scroll            |       |     3 |     5 ||     8
         Potion            |       |       |     5 ||     5
   Stab: Sleeping          |     2 |     1 |     3 ||     6
 Armour: Skin              |    28 |    22 |   103 ||   153
  Dodge: Dodged            |    33 |    43 |   125 ||   201

Table legend: (Time is in decaauts)
 A = Elapsed time spent in this place.
 B = Non-inter-level travel time spent in this place.
 C = Inter-level travel time spent in this place.
 D = Time resting spent in this place.
 E = Time spent auto-exploring this place.
 F = Levels seen in this place.
 G = Mean time per level.
                   A        B        C        D        E       F      G
               +--------+--------+--------+--------+--------+-----+--------+
         Total |   6147 |   5847 |    300 |    401 |   4626 |   7 |  878.1 |
       Dungeon |   6147 |   5847 |    300 |    401 |   4626 |   7 |  878.1 |
               +--------+--------+--------+--------+--------+-----+--------+

Top non-repeatable levels by time:
     D:5: 1251 daAuts
     D:6: 976 daAuts
     D:4: 970 daAuts
     D:3: 875 daAuts
     D:7: 772 daAuts
     D:2: 654 daAuts
     D:1: 646 daAuts
